cohdb
Replays
Latest Replays
All Replays
Popular Replays
Top Player Replays
Match Explorer
How It Works
Community
CoH3 Stats
Reddit
Sign in to upload your games and track your stats! →
Sign in with Steam
Match 43890409
Unlisted
Match 43890409
Overview
Messages
Build Orders
End
Panzergrenadier Squad
Panzergrenadier Squad
Selects Panzerjäger Kommand Battlegroup
Selects Mine Fields
250 Light Carrier
Construct Light Support Kompanie
Assault Grenadier Squad
Construct Mechanized Kompanie
Selects Tank Busters
254 Reconnaissance Tractor
Panzerjäger Mechanized Group
2.5-tonne Medical Truck
Construct Panzerarmee Kommand
Veteran Squad Leaders
Walking Stuka Rocket Launcher
Selects Defensive Positions
Selects Crew Shock Tactics
Panzerjäger Mechanized Group
2.5-tonne Medical Truck
WilllTHENOOBz
half moon cat
Jerome Powell
Felippe
我真的不是驴
Jeremy
JT
冲锋大哥
0
0
Comments
sign in to comment!
No comments posted yet!